 Dungeon Crawl Stone Soup version 0.21.0-37-g46506fa (webtiles) character file.

2802 wilfster70 the Sneak (level 9, 0/66 HPs)
             Began as a Gnoll Enchanter on Feb 1, 2018.
             Was a Follower of Okawaru.
             Succumbed to a killer bee's poison
             ... on level 7 of the Dungeon.
             The game lasted 00:28:39 (8067 turns).

wilfster70 the Sneak (Gnoll Enchanter)              Turns: 8067, Time: 00:28:40

Health: 0/66       AC:  4    Str: 11    XL:     9   Next: 71%
Magic:  3/19       EV: 16    Int: 23    God:    Okawaru [*.....]
Gold:   252        SH:  0    Dex: 16    Spells: 16/21 levels left

rFire    . . .     SeeInvis .   b - +7 hand axe of Teosuit {pain, rC+ Int+3}
rCold    + . .     Gourm    +   (no shield)
rNeg     . . .     Faith    .   f - +0 robe
rPois    .         Spirit   .   m - +1 helmet
rElec    .         Reflect  .   (no cloak)
rCorr    .         Harm     .   (no gloves)
MR       .....                  (no boots)
Stlth    ++++......             v - amulet of the gourmand
HPRegen  0.21/turn              (no ring)
MPRegen  0.16/turn              (no ring)

@: lethally poisoned (0 -> -13)
A: distributed training, fangs 1, strong nose
a: Heroism, Renounce Religion


You were on level 7 of the Dungeon.
You worshipped Okawaru.
Okawaru was aware of your devotion.
You were not hungry.

You visited 2 branches of the dungeon, and saw 8 of its levels.

You collected 252 gold pieces.

Inventory:

Hand Weapons
 a - a +1 dagger
 b - the +7 hand axe of Teosuit (weapon) {pain, rC+ Int+3}
   (You found it on level 5 of the Dungeon)

   In the hands of one skilled in necromantic magic, it inflicts extra damage on
   living creatures.
   It affects your intelligence (+3).
   It protects you from cold.
Armour
 f - a +0 robe (worn)
 g - a +0 hat
 m - a +1 helmet (worn)
 n - a +3 chain mail of cold resistance
Jewellery
 v - an amulet of the gourmand (around neck)
Wands
 k - a wand of polymorph (10)
Scrolls
 e - a scroll of identify
 h - 4 scrolls of amnesia
 l - 2 scrolls of remove curse
 q - 2 scrolls of fear
 r - a scroll of enchant weapon
 s - a scroll of magic mapping
 w - a scroll of teleportation {unknown}
Potions
 c - a potion of flight
 j - 2 potions of cancellation
 p - a potion of haste
 t - a potion of ambrosia
 x - a potion of berserk rage
Comestibles
 d - 11 rations


   Skills:
 + Level 4.4 Fighting
 + Level 5.2 Short Blades
 + Level 4.4 Long Blades
 + Level 4.4 Axes
 + Level 4.4 Maces & Flails
 + Level 4.4 Polearms
 + Level 4.4 Staves
 + Level 4.4 Slings
 + Level 4.4 Bows
 + Level 4.4 Crossbows
 + Level 4.4 Throwing
 + Level 4.4 Armour
 + Level 6.4 Dodging
 + Level 7.5 Stealth
 + Level 4.4 Shields
 + Level 4.4 Unarmed Combat
 + Level 6.7 Spellcasting
 + Level 3.6 Conjurations
 + Level 6.6 Hexes
 + Level 3.6 Charms
 + Level 3.6 Summonings
 + Level 3.6 Necromancy
 + Level 3.6 Translocations
 + Level 3.6 Transmutations
 + Level 3.6 Fire Magic
 + Level 3.6 Ice Magic
 + Level 3.6 Air Magic
 + Level 3.6 Earth Magic
 + Level 3.6 Poison Magic
 + Level 4.9 Invocations
 + Level 4.4 Evocations


You had 16 spell levels left.
You knew the following spells:

 Your Spells              Type           Power        Failure   Level  Hunger
b - Ensorcelled Hibernat  Hex/Ice        ####..       1%          2    None
c - Confuse               Hex            #####...     1%          3    None


Dungeon Overview and Level Annotations

Branches:
Dungeon (7/15)             Temple (1/1) D:4

Altars:
Ashenzari
Cheibriados
Dithmenos
Gozag
Hepliaklqana
Makhleb
Nemelex Xobeh
Okawaru
Qazlal
Sif Muna
Trog
Vehumet
Wu Jian
Xom
The Shining One


Innate Abilities, Weirdness & Mutations

Your experience applies equally to all skills.
You have very sharp teeth.
Your uncanny sense of smell can sniff out nearby items.


Message History

* * * LOW HITPOINT WARNING * * *
You feel sick. The killer bee completely misses you.
You miss the killer bee.
* * * LOW HITPOINT WARNING * * *
You feel sick. The killer bee closely misses you. The killer bee stings you.
* * * LOW HITPOINT WARNING * * *
You closely miss the killer bee.
* * * LOW HITPOINT WARNING * * *
You feel sick. The killer bee barely misses you. The killer bee stings you.
* * * LOW HITPOINT WARNING * * *
The killer bee misses you.
You slash the killer bee!
The killer bee writhes in agony.
The killer bee is almost dead.
* * * LOW HITPOINT WARNING * * *
You feel sick. The killer bee completely misses you.
The killer bee barely misses you.
You slash the killer bee!
You kill the killer bee!
Okawaru accepts your kill.
You die...

..............
#............
##... .......
..... ..... .##
#... ...# ..##
.##...###..# #...
........#..# #..#
#......####..# ...
##....@#....# ....
#...##†....# #..(.
#...###...####...#
#### #..##
#.....#.....
##..#####..#
##..........
#.#....#..##
#.....####.
#######....#
#.....# #..##
###..## #....$##
#...#
#...###......#


There were no monsters in sight!

Vanquished Creatures
  Pikel (D:4)
  Sigmund (D:2)
  Eustachio (D:6)
  Menkaure (D:5)
  A phantom (D:4)
  A sky beast (D:7)
  A centaur (D:3)
  2 ogres
  2 bullfrogs (D:6)
  2 scorpions
  12 killer bees (D:7)
  A howler monkey (D:4)
  A crimson imp (D:6)
  A centaur zombie (D:5)
  3 hounds
  A jelly (D:6)
  2 orc priests
  2 centaur skeletons
  Terence (D:2)
  5 orc wizards
  2 worker ants (D:4)
  A hound skeleton (D:4)
  4 adders
  2 gnolls (D:2)
  A howler monkey skeleton (D:5)
  2 shadow imps
  2 oozes (D:5)
  3 adder skeletons
  2 dart slugs (D:1)
  5 worms
  3 leopard geckos
  21 orcs
  4 bats
  3 giant cockroaches
  4 goblins (D:2)
  9 hobgoblins
  9 kobolds
  3 quokkas
  2 ball pythons (D:3)
  A ball python skeleton (D:4)
  7 frilled lizards
  5 rats
137 creatures vanquished.

Vanquished Creatures (others)
  A hound (D:4)
  An orc wizard (D:4)
  An ooze (D:4)
  3 orcs (D:4)
6 creatures vanquished.

Grand Total: 143 creatures vanquished

Notes
Turn   | Place    | Note
-------+----------+-------------------------------------------
     0 | D:1      | wilfster70 the Gnoll Enchanter began the quest for the Orb.
     0 | D:1      | Reached XP level 1. HP: 13/13 MP: 6/6
   104 | D:1      | Reached XP level 2. HP: 19/19 MP: 7/7
   108 | D:1      | Learned a level 2 spell: Ensorcelled Hibernation
   887 | D:2      | Reached XP level 3. HP: 20/25 MP: 9/9
   892 | D:2      | Learned a level 3 spell: Confuse
   992 | D:2      | Reached skill level 5 in Spellcasting
  1000 | D:2      | Reached skill level 6 in Stealth
  1027 | D:2      | Noticed Sigmund
  1058 | D:2      | Killed Sigmund
  1058 | D:2      | Reached skill level 1 in Fighting
  1058 | D:2      | Reached skill level 1 in Long Blades
  1058 | D:2      | Reached skill level 1 in Axes
  1058 | D:2      | Reached skill level 1 in Maces & Flails
  1058 | D:2      | Reached skill level 1 in Polearms
  1058 | D:2      | Reached skill level 1 in Staves
  1058 | D:2      | Reached skill level 1 in Slings
  1058 | D:2      | Reached skill level 1 in Bows
  1058 | D:2      | Reached skill level 1 in Crossbows
  1058 | D:2      | Reached skill level 1 in Throwing
  1058 | D:2      | Reached skill level 1 in Armour
  1058 | D:2      | Reached skill level 1 in Shields
  1058 | D:2      | Reached skill level 1 in Unarmed Combat
  1058 | D:2      | Reached skill level 1 in Conjurations
  1058 | D:2      | Reached skill level 1 in Charms
  1058 | D:2      | Reached skill level 1 in Summonings
  1058 | D:2      | Reached skill level 1 in Necromancy
  1058 | D:2      | Reached skill level 1 in Translocations
  1058 | D:2      | Reached skill level 1 in Transmutations
  1058 | D:2      | Reached skill level 1 in Fire Magic
  1058 | D:2      | Reached skill level 1 in Ice Magic
  1058 | D:2      | Reached skill level 1 in Air Magic
  1058 | D:2      | Reached skill level 1 in Earth Magic
  1058 | D:2      | Reached skill level 1 in Poison Magic
  1058 | D:2      | Reached skill level 1 in Invocations
  1058 | D:2      | Reached skill level 1 in Evocations
  1058 | D:2      | Reached XP level 4. HP: 31/32 MP: 2/11
  1058 | D:2      | Reached XP level 5. HP: 36/37 MP: 2/12
  1467 | D:2      | Noticed Terence
  1483 | D:2      | Killed Terence
  1483 | D:2      | Reached XP level 6. HP: 44/44 MP: 10/13
  2700 | D:3      | Found a sparkling altar of Nemelex Xobeh.
  3161 | D:3      | Reached skill level 5 in Dodging
  3913 | D:4      | Noticed a phantom
  4054 | D:4      | Killed a phantom
  4054 | D:4      | Reached XP level 7. HP: 30/50 MP: 15/15
  4536 | D:4      | Found a staircase to the Ecumenical Temple.
  4684 | D:4      | Noticed Pikel
  4701 | D:4      | HP: 2/51 [slave[Pikel] (9)]
  4709 | D:4      | Killed Pikel
  4709 | D:4      | Reached XP level 8. HP: 5/58 MP: 6/17
  5073 | D:5      | Entered Level 5 of the Dungeon
  5077 | D:5      | Found a shimmering altar of Xom.
  5309 | D:5      | Noticed Menkaure
  5336 | D:5      | Killed Menkaure
  5461 | D:5      | Reached skill level 7 in Stealth
  5648 | D:5      | Got a dazzling hand axe
  5649 | D:5      | Identified the +7 hand axe of Teosuit {pain, rC+ Int+3} (You found it on level 5 of the Dungeon)
  5723 | Temple   | Entered the Ecumenical Temple
  5783 | Temple   | Became a worshipper of Warmaster Okawaru
  6868 | D:6      | Reached XP level 9. HP: 65/65 MP: 18/18
  7380 | D:6      | Noticed Eustachio
  7384 | D:6      | Killed Eustachio
  7493 | D:6      | Reached * piety under Okawaru
  7500 | D:6      | Found a radiant altar of Vehumet.
  7801 | D:7      | Reached skill level 5 in Short Blades
  8065 | D:7      | HP: 2/66 [killer bee (2)]
  8067 | D:7      | Succumbed to a killer bee's poison

Skill      XL: |  1  2  3  4  5  6  7  8  9 |
---------------+----------------------------+-----
Spellcasting   | 5 6 |  6.7
Stealth        | 6 7 |  7.5
Fighting       | 1 2 3 4 |  4.4
Short Blades   | 3 4 5 |  5.2
Long Blades    | 1 2 3 4 |  4.4
Axes           | 1 2 3 4 |  4.4
Maces & Flails | 1 2 3 4 |  4.4
Polearms       | 1 2 3 4 |  4.4
Staves         | 1 2 3 4 |  4.4
Slings         | 1 2 3 4 |  4.4
Bows           | 1 2 3 4 |  4.4
Crossbows      | 1 2 3 4 |  4.4
Throwing       | 1 2 3 4 |  4.4
Armour         | 1 2 3 4 |  4.4
Shields        | 1 2 3 4 |  4.4
Unarmed Combat | 1 2 3 4 |  4.4
Conjurations   | 1 2 3 |  3.6
Charms         | 1 2 3 |  3.6
Summonings     | 1 2 3 |  3.6
Necromancy     | 1 2 3 |  3.6
Translocations | 1 2 3 |  3.6
Transmutations | 1 2 3 |  3.6
Fire Magic     | 1 2 3 |  3.6
Ice Magic      | 1 2 3 |  3.6
Air Magic      | 1 2 3 |  3.6
Earth Magic    | 1 2 3 |  3.6
Poison Magic   | 1 2 3 |  3.6
Invocations    | 1 2 3 4 |  4.9
Evocations     | 1 2 3 4 |  4.4
Dodging        | 5 6 |  6.4
Hexes          | 6 |  6.6

Action                   |  1- 3 |  4- 6 |  7- 9 || total
-------------------------+-------+-------+-------++-------
Melee: Dagger            |    61 |    61 |   116 ||   238
       Bite              |     5 |    23 |    16 ||    44
       Punch             |       |     3 |     4 ||     7
       Trident           |       |   220 |       ||   220
       Hand axe          |       |    10 |    68 ||    78
 Cast: Corona            |     3 |       |       ||     3
       Ensorcelled Hiber |     6 |    16 |    41 ||    63
       Confuse           |     2 |    10 |     7 ||    19
  Use: Scroll            |       |     7 |     8 ||    15
       Potion            |       |     1 |     4 ||     5
 Stab: Sleeping          |    12 |    15 |    44 ||    71
       Confused          |       |     5 |     3 ||     8
  Eat: Chunk             |       |    11 |    15 ||    26
       Ration            |       |       |     1 ||     1
Armor: Robe              |    12 |    16 |    22 ||    50
       Chain mail        |       |    96 |       ||    96
Dodge: Dodged            |    41 |   160 |   158 ||   359
